 Dungeon Sprint DCSS version 0.26-a0-661-g406de6ba63 (webtiles) character file.

Game seed: 11963560996412021868

10000000 sahdkjhfkaj the Ninja (level 27, -76/273 HPs)
             Began as a Ghoul Warper on Oct 8, 2020.
             Was the Champion of Makhleb.
             Killed from afar by an observer (116 damage)
             ... with a fireball
             ... in the Dungeon (Sprint VIII: "Arena of Blood").
             The game lasted 00:02:42 (100 turns).

sahdkjhfkaj the Ninja (Ghoul Warper)                 Turns: 100, Time: 00:02:43

Health: -76/273    AC:  6    Str: 19    XL:     27
Magic:  29/53      EV: 32    Int:  8    God:    Makhleb [******]
Gold:   0          SH:  0    Dex: 17    Spells: 80/80 levels left

rFire    . . .     SeeInvis .   b - +∞ Axe of Woe
rCold    + . .     Faith    .   (shield currently unavailable)
rNeg     + + +     Spirit   .   a - +0 leather armour
rPois    ∞         Reflect  .   (no helmet)
rElec    .         Harm     .   (no cloak)
rCorr    .         Rampage  .   (no gloves)
MR       ++...     NoTele   +   (no boots)
Stlth    +++++++++.             (no amulet)
HPRegen  0.00/turn              (no ring)
MPRegen  0.33/turn              (no ring)

@: slowed, very slow
A: rotting body, claws 1, cold resistance 1, negative energy resistance 3,
inhibited regeneration, torment resistance, unbreathing
a: Minor Destruction, Lesser Servant of Makhleb, Major Destruction, Greater
Servant of Makhleb, Renounce Religion


You were in the Dungeon.
You worshipped Makhleb.
Makhleb was exalted by your worship.
You visited 1 branch

Inventory:

Hand Weapons
 b - the +∞ Axe of Woe (weapon)
   (You found it in the Dungeon)
Missiles
 d - 5 boomerangs of dispersal (quivered)
Armour
 a - a +0 leather armour (worn)
Scrolls
 c - a scroll of blinking
Potions
 e - a potion of curing
 g - a potion of haste
 h - 2 potions of magic


   Skills:
 O Level 27 Fighting
 O Level 27 Axes
 O Level 27 Throwing
 O Level 27 Armour
 O Level 27 Dodging
 O Level 27 Stealth
 O Level 27 Unarmed Combat
 O Level 27 Spellcasting
   Level 2.6 Translocations
 O Level 27 Invocations


You had 80 spell levels left.
You didn't know any spells.
Your spell library contained the following spells:

 Spells                   Type           Power        Failure   Level
 Blink                    Tloc           N/A          1%          2
 Gell's Gravitas          Tloc           ###.......   3%          3
 Lesser Beckoning         Tloc           ###.......   3%          3
 Teleport Other           Tloc           ###.....     3%          3
 Passage of Golubria      Tloc           N/A          10%         4


Dungeon Overview and Level Annotations

Branches:
Dungeon (1/1)

Altars:
Makhleb

Annotations:
D exclusions: crawling corpse, large abomination, orc and 5 more exclusions, The Defiler, The Servant


Innate Abilities, Weirdness & Mutations

Your body is rotting away.
You thrive by killing the living.
You are immune to poison.
You have sharp fingernails.
Your flesh is cold resistant. (rC+)
You are immune to negative energy. (rN+++)
You do not regenerate when monsters are visible.
You are immune to unholy pain and torment.
You can survive without breathing.


Message History

You hear a shout! x3; You hear an angry squeal.
A meat berserker comes into view. It is wielding a +9 battleaxe.
Press: ? - help, v - describe, . - travel
Here: The Defiler, wielding a +9 vorpal demon whip, wearing a +12 tower shield and wearing a +250 ring of slaying The floor.
Unknown command.
Unknown command.
Press: ? - help, Dir - move target cursor
As you read the scroll of blinking, it crumbles to dust.
A hydra, 17 orcs, 4 ogres, 2 hell beasts, a vampire knight, a skeletal warrior and Harold come into view.
The Servant is wielding a +9 glaive of flaming.
The destroyer is wielding a +9 vorpal great sword.
The bag of meat shouts! x4; The eight-headed meat hydra roars!
The meat beast gives a chilling moan.
A meat berserker comes into view. It is wielding a +9 battleaxe.
You hear a shout! x2
The meat beast croaks, "I will feast on thy throat!"
You hear a shout! x3; You feel something staring at you.
A fireball appears from out of thin air!
The fireball explodes!
The fireball engulfs you!!!!
You die...

...# ...oO..........
##...#oooDo.........
...V..#.ooozD.......
o.......o.o....{....
#oO...o.o.o........ o
.@.2..o.#2......#
..o.#.....#.O...O)# ..
#..o..@###.....))###...
2............###))))....
....O#........_)))))....
...# ......#.{.))#).....
#. .O.....#_.§._#......
. #O......#...).#......
..#........_..@......
...........###........
O###.. ...###...


You could see 2 meat beasts, The Servant (wandering), 2 eight-headed meat
hydras, a destroyer (wandering), a sculptor of flesh, a large bag of meat
(wandering, inner flame), 4 meat berserkers and 19 bags of meat.

Vanquished Creatures
  5 hell beasts (D)
  6 greater mummies (D)
  2 great orbs of eyes (D)
  A wraith (D)
  14 vampire knights (D)
  41 ogres (D)
  7 two-headed ogres (D)
  3 liches (D)
  4 hydras (D)
  65 orcs (D)
  2 phantoms (D)
  5 skeletal warriors (D)
  8 large abominations (D)
  8 small abominations (D)
  10 crawling corpses (D)
181 creatures vanquished.

Vanquished Creatures (others)
  A crawling corpse (D)
1 creature vanquished.

Grand Total: 182 creatures vanquished

Notes
Turn   | Place    | Note
-------+----------+-------------------------------------------
     0 | D        | Found the +∞ Axe of Woe
     0 | D        | sahdkjhfkaj the Ghoul Warper began the quest for the Orb.
     0 | D        | Reached XP level 1. HP: 17/17 MP: 2/2
     2 | D        | Noticed a bag of meat
     3 | D        | Noticed a meat berserker
     3 | D        | Noticed a bag of meat
     4 | D        | Became a worshipper of Makhleb the Destroyer
     4 | D        | Noticed a bag of meat
     5 | D        | Killed a meat berserker
     5 | D        | Reached skill level 5 in Fighting
     5 | D        | Reached skill level 5 in Stealth
     5 | D        | Reached skill level 5 in Invocations
     5 | D        | Reached XP level 2. HP: 30/30 MP: 2/6
     5 | D        | Reached XP level 3. HP: 37/37 MP: 2/8
     5 | D        | Reached XP level 4. HP: 44/44 MP: 2/9
     5 | D        | Reached XP level 5. HP: 50/50 MP: 2/10
     5 | D        | Reached XP level 6. HP: 57/57 MP: 2/11
     5 | D        | Reached XP level 7. HP: 62/62 MP: 2/12
     5 | D        | Reached XP level 8. HP: 70/70 MP: 2/13
     5 | D        | Reached XP level 9. HP: 75/75 MP: 2/14
     5 | D        | Reached XP level 10. HP: 83/83 MP: 2/15
     5 | D        | Reached XP level 11. HP: 89/89 MP: 2/16
     5 | D        | Reached XP level 12. HP: 95/95 MP: 2/17
     5 | D        | Reached XP level 13. HP: 102/102 MP: 2/18
     5 | D        | Noticed a bag of meat
     5 | D        | Noticed a bag of meat
     6 | D        | Noticed a bag of meat
     6 | D        | Noticed a meat berserker
     7 | D        | Killed a bag of meat
     7 | D        | Reached * piety under Makhleb
     7 | D        | Reached skill level 10 in Stealth
     7 | D        | Reached XP level 14. HP: 118/118 MP: 2/24
     8 | D        | Noticed a meat berserker
     8 | D        | Noticed a bag of meat
     9 | D        | Killed a bag of meat
    11 | D        | Killed a bag of meat
    11 | D        | Reached skill level 10 in Spellcasting
    11 | D        | Reached XP level 15. HP: 135/135 MP: 3/28
    11 | D        | Killed a meat berserker
    11 | D        | Reached ** piety under Makhleb
    11 | D        | Reached skill level 15 in Fighting
    11 | D        | Reached skill level 15 in Invocations
    11 | D        | Reached XP level 16. HP: 149/149 MP: 3/31
    12 | D        | Noticed a meat berserker
    14 | D        | Noticed a meat berserker
    14 | D        | Noticed a meat berserker
    15 | D        | Killed a meat berserker
    15 | D        | Reached skill level 15 in Armour
    15 | D        | Reached skill level 15 in Dodging
    15 | D        | Reached XP level 17. HP: 166/166 MP: 3/34
    15 | D        | Noticed a meat berserker
    16 | D        | Noticed a meat berserker
    17 | D        | Noticed a meat berserker
    17 | D        | Killed a meat berserker
    17 | D        | Reached *** piety under Makhleb
    17 | D        | Reached XP level 18. HP: 180/180 MP: 4/37
    17 | D        | Killed a meat berserker
    17 | D        | Noticed a meat berserker
    19 | D        | Reached **** piety under Makhleb
    19 | D        | Noticed a meat berserker
    19 | D        | Noticed a meat berserker
    20 | D        | Killed a meat berserker
    20 | D        | Reached XP level 19. HP: 198/198 MP: 4/41
    21 | D        | Killed a meat berserker
    21 | D        | Reached skill level 27 in Stealth
    21 | D        | Killed a meat berserker
    21 | D        | Reached ***** piety under Makhleb
    21 | D        | Reached XP level 20. HP: 215/215 MP: 5/44
    22 | D        | Killed a meat berserker
    22 | D        | Reached skill level 27 in Fighting
    22 | D        | Reached skill level 27 in Invocations
    22 | D        | Noticed a meat berserker
    23 | D        | Reached XP level 21. HP: 224/224 MP: 5/47
    24 | D        | Noticed a destroyer
    24 | D        | Killed a meat berserker
    24 | D        | Reached skill level 27 in Armour
    24 | D        | Reached skill level 27 in Dodging
    24 | D        | Reached skill level 27 in Spellcasting
    24 | D        | Killed a meat berserker
    24 | D        | Reached skill level 27 in Axes
    24 | D        | Reached XP level 22. HP: 233/233 MP: 5/52
    24 | D        | Reached ****** piety under Makhleb
    25 | D        | Noticed a large bag of meat
    27 | D        | Killed a destroyer
    27 | D        | Reached skill level 27 in Throwing
    27 | D        | Reached XP level 23. HP: 240/240 MP: 6/53
    27 | D        | Reached skill level 27 in Unarmed Combat
    28 | D        | Noticed a large bag of meat
    32 | D        | Noticed a large bag of meat
    32 | D        | Noticed a destroyer
    33 | D        | Reached XP level 24. HP: 249/249 MP: 8/53
    33 | D        | Noticed a destroyer
    34 | D        | Noticed a large bag of meat
    35 | D        | Killed a large bag of meat
    35 | D        | Reached XP level 25. HP: 257/257 MP: 8/53
    37 | D        | Killed a large bag of meat
    37 | D        | Noticed a destroyer
    37 | D        | Noticed a large bag of meat
    38 | D        | Killed a destroyer
    38 | D        | Reached XP level 26. HP: 266/266 MP: 9/53
    39 | D        | Killed a destroyer
    40 | D        | Reached XP level 27. HP: 273/273 MP: 9/53
    41 | D        | Noticed a destroyer
    41 | D        | Noticed a destroyer
    42 | D        | Noticed a destroyer
    43 | D        | Killed a large bag of meat
    43 | D        | Noticed a tyrant
    43 | D        | Noticed a destroyer
    47 | D        | Killed a destroyer
    47 | D        | Killed a destroyer
    48 | D        | Killed a destroyer
    48 | D        | Noticed an accursed
    48 | D        | Noticed a destroyer
    49 | D        | Killed a large bag of meat
    49 | D        | Killed a destroyer
    49 | D        | Killed a tyrant
    49 | D        | Noticed an accursed
    50 | D        | Noticed an accursed
    51 | D        | Noticed an accursed
    51 | D        | Killed a large bag of meat
    52 | D        | Killed a destroyer
    53 | D        | Noticed an accursed
    56 | D        | Noticed a destroyer
    59 | D        | Killed a destroyer
    60 | D        | Killed an accursed
    61 | D        | Killed a destroyer
    62 | D        | Noticed a tyrant
    63 | D        | Killed an accursed
    64 | D        | Noticed a destroyer
    64 | D        | Noticed a large bag of meat
    65 | D        | Noticed a destroyer
    66 | D        | Noticed a destroyer
    66 | D        | Killed an accursed
    67 | D        | Killed an accursed
    67 | D        | Noticed a destroyer
    68 | D        | Noticed a dread
    69 | D        | Killed a destroyer
    69 | D        | Killed an accursed
    71 | D        | Killed a destroyer
    72 | D        | Noticed a meat beast
    73 | D        | Killed a destroyer
    73 | D        | Killed a dread
    73 | D        | Noticed a meat beast
    74 | D        | Noticed a large bag of meat
    74 | D        | Killed a large bag of meat
    75 | D        | Killed a meat beast
    76 | D        | Killed a tyrant
    76 | D        | Noticed a meat beast
    77 | D        | Killed a meat beast
    77 | D        | Noticed a meat beast
    80 | D        | Killed a meat beast
    80 | D        | Killed a destroyer
    81 | D        | Killed a meat beast
    81 | D        | Killed a large bag of meat
    81 | D        | Noticed a meat beast
    86 | D        | Killed a meat beast
    87 | D        | Noticed a meat beast
    89 | D        | Noticed an accursed
    92 | D        | Noticed a tyrant
    94 | D        | Killed an accursed
    95 | D        | Killed a tyrant
    98 | D        | Noticed a meat beast
    99 | D        | Noticed a dread
    99 | D        | Noticed The Defiler
   100 | D        | Noticed a large bag of meat
   100 | D        | Noticed a meat beast
   100 | D        | Noticed a meat beast
   100 | D        | Noticed The Servant
   100 | D        | Noticed a destroyer
   100 | D        | Killed from afar by an observer

Illustrated notes

Levels and vault maps discovered:
D:        meatsprint

Skill      XL: |  1  2  3  4  5  6  7  8  9 10 11 12 13 14 15 16 17 18 19 20 21 22 23 |
---------------+----------------------------------------------------------------------+-----
Axes           | 26 27 | 27.0
Fighting       | 5 9 13 15 18 20 23 26 27 | 27.0
Armour         | 4 7 11 13 15 18 20 23 25 27 | 27.0
Dodging        | 4 8 11 13 15 18 20 23 25 27 | 27.0
Stealth        | 5 10 14 16 19 22 25 27 | 27.0
Spellcasting   | 4 7 10 12 14 16 19 21 23 27 | 27.0
Invocations    | 5 9 13 15 18 20 23 26 27 | 27.0
Throwing       | 18 27 | 27.0
Unarmed Combat | 21 27 | 27.0
Translocations | |  2.6

Action                   |  1- 3 |  4- 6 |  7- 9 | 10-12 | 13-15 | 16-18 | 19-21 | 22-24 | 25-27 || total
-------------------------+-------+-------+-------+-------+-------+-------+-------+-------+-------++-------
Melee: Executioner's axe |     1 |       |       |       |     3 |     5 |     4 |     7 |    56 ||    76
  Use: Scroll            |       |       |       |       |       |       |       |       |     1 ||     1
       Potion            |       |       |       |       |       |       |       |       |     1 ||     1
Armor: Leather armour    |       |       |       |       |       |       |       |       |     3 ||     3
Dodge: Dodged            |       |       |       |       |       |     1 |       |     1 |    17 ||    19

Table legend: (Time is in decaauts)
 A = Elapsed time spent in this place.
 B = Non-inter-level travel time spent in this place.
 C = Inter-level travel time spent in this place.
 D = Time resting spent in this place.
 E = Time spent auto-exploring this place.
 F = Levels seen in this place.
 G = Mean time per level.
                   A        B        C        D        E       F      G
               +--------+--------+--------+--------+--------+-----+--------+
         Total |     92 |     92 |      0 |      0 |      0 |   1 |   92.0 |
       Dungeon |     92 |     92 |      0 |      0 |      0 |   1 |   92.0 |
               +--------+--------+--------+--------+--------+-----+--------+

Top non-repeatable levels by time:
       D: 92 daAuts
